 Dungeon Crawl Stone Soup version 0.25-a0-310-g60f0ac2 (webtiles) character file.

Game seed: 15319713709168253397, levelgen mode: deterministic

99 Blackhawk the Skirmisher (level 5, 0/42 HPs)
             Began as a Formicid Abyssal Knight on Dec 23, 2019.
             Was a Believer of Lugonu.
             Killed from afar by a white imp (5 damage)
             ... with a puff of frost
             ... summoned by Natasha
             ... on level 2 of the Dungeon.
             The game lasted 00:02:47 (1758 turns).

Blackhawk the Skirmisher (Formicid Abyssal Knight)  Turns: 1758, Time: 00:02:48

Health: 0/42       AC:  5    Str: 18    XL:     5   Next: 2%
Magic:  7/7        EV: 11    Int: 11    God:    Lugonu [**....]
Gold:   55         SH:  0    Dex: 10    Spells: 4/4 levels left

rFire    . . .     SeeInvis +   k - +0 hand axe (freeze)
rCold    . . .     Gourm    .   (no shield)
rNeg     . . .     Faith    .   h - +0 ring mail
rPois    .         Spirit   .   (helmet unavailable)
rElec    .         Reflect  .   (no cloak)
rCorr    .         Harm     .   (no gloves)
MR       .....                  (no boots)
Stlth    ..........             (no amulet)
HPRegen  0.14/turn              (no ring)
MPRegen  0.10/turn              (no ring)

@: no status effects
A: permanent stasis, dig shafts and tunnels, four strong arms, antennae 3,
[subdued magic 1]
a: Dig, Shaft Self, Depart the Abyss, Bend Space, Renounce Religion


You were on level 2 of the Dungeon.
You worshipped Lugonu.
Lugonu was pleased with you.
You were not hungry.

You visited 1 branch of the dungeon, and saw 2 of its levels.
You visited the Abyss 1 time.

You collected 55 gold pieces.

Inventory:

Hand Weapons
 a - a +1 hand axe
 k - a +0 hand axe of freezing (weapon)
 s - a +0 hand axe of flaming
Missiles
 g - 38 poisoned darts (quivered)
Armour
 b - a +0 leather armour
 h - a +0 ring mail (worn)
Jewellery
 i - an uncursed ring of ice
Scrolls
 j - 4 scrolls of teleportation {unknown}
 l - 2 scrolls of immolation {unknown}
 m - a scroll of identify {unknown}
 n - a scroll of fear {unknown}
 q - a scroll of magic mapping {unknown}
Potions
 d - a potion of heal wounds {unknown}
 e - 2 potions of curing {unknown}
 o - a potion of cancellation {unknown}
 p - a potion of berserk rage {unknown}
 r - a potion of magic {unknown}
Comestibles
 c - 2 rations
 f - 4 chunks of flesh


   Skills:
 + Level 3.9 Fighting
 + Level 2.7 Axes
 + Level 3.0 Armour
 + Level 1.8 Dodging
 + Level 3.2 Invocations


You had 4 spell levels left.
You didn't know any spells.
Your spell library was empty.

Dungeon Overview and Level Annotations

Branches:
Dungeon (2/15)

Altars:
Gozag

Annotations:
D:2 Natasha


Innate Abilities, Weirdness & Mutations

You cannot be hasted, slowed, berserked, paralysed or teleported.
You can dig through walls and to a lower floor.
Your four strong arms can wield two-handed weapons with a shield.
You have a pair of large antennae on your head. (SInv)
[Your spells are a little easier to cast, but a little less powerful.]


Message History

* * * LOW HITPOINT WARNING * * *
You hit Natasha but do no damage.
Natasha is severely wounded.
You hit the white imp but do no damage. Natasha misses you.
The white imp hits you.
* * * LOW HITPOINT WARNING * * *
The white imp freezes you.
* * * LOW HITPOINT WARNING * * *
Natasha growls.
Natasha barely misses you.
You hit Natasha. You freeze Natasha.
Natasha is almost dead.
You hit the white imp but do no damage.
The white imp hits you but does no damage.
Natasha stares at you and mumbles some strange words.
The magic dart hits you.
* * * LOW HITPOINT WARNING * * *
The white imp gestures at you. The puff of frost hits you.
You die...

#...#.###### #..# # #...#.#
##.# # #...#.# #.# #...#.# ##
## ########
#...#.###...###.......#
#..........#.#.#.....#
#.#.#.###.#..#..#...# .
#.....# ##...#5.h#.#...
###...# #......@.......
#...####.##..).###...
#....#.#.##...#.#
#...#.##.##..#..#
#..)###...#.#...#
#..........############
##.....#...##...# #.##.# #
#..............####.##.##.#
##.##.....)...(...............


You could see Natasha and a white imp.

Vanquished Creatures
  Natasha (D:2)
  A worker ant zombie (D:2)
  2 oozes
  A worm (D:2)
  A dart slug (D:2)
  2 leopard geckos
  5 bats
  3 giant cockroaches
  5 goblins (D:2)
  5 hobgoblins
  4 jackals (D:2)
  6 kobolds
  2 frilled lizards (D:1)
  9 rats
47 creatures vanquished.

Notes
Turn   | Place    | Note
-------+----------+-------------------------------------------
     0 | Abyss:1  | Blackhawk the Formicid Abyssal Knight began the quest for
                  | the Orb.
     0 | Abyss:1  | Reached XP level 1. HP: 18/18 MP: 2/2
    26 | Abyss:1  | Noticed a green death
    35 | Abyss:1  | Noticed a wretched star
    36 | D:1      | Escaped the Abyss
    90 | D:1      | Reached skill level 1 in Dodging
    90 | D:1      | Reached XP level 2. HP: 24/24 MP: 3/3
   255 | D:1      | Reached * piety under Lugonu
   448 | D:1      | Reached XP level 3. HP: 29/29 MP: 4/4
  1211 | D:2      | Reached XP level 4. HP: 28/37 MP: 6/6
  1327 | D:2      | Noticed Natasha
  1337 | D:2      | Killed Natasha
  1635 | D:2      | Found an opulent altar of Gozag.
  1703 | D:2      | Reached XP level 5. HP: 42/42 MP: 7/7
  1740 | D:2      | Noticed Natasha
  1742 | D:2      | Reached ** piety under Lugonu
  1758 | D:2      | Killed from afar by a white imp

Levels and vault maps discovered:
D:1:      co_arrival_two_rings, layout_basic
D:2:      layout_loops_ring, lemuel_round_altar, hangedman_decor_diamond_cutter,
          uniq_natasha

Skill      XL: |  1  2  3  4 |
---------------+-------------+-----
Dodging        | 1 |  1.8
Invocations    | 3 |  3.2
Armour         | 3 |  3.0
Fighting       | |  3.9
Axes           | |  2.7

Action                   |  1- 3 |  4- 6 || total
-------------------------+-------+-------++-------
Melee: Hand axe          |    89 |    67 ||   156
Invok: Depart the Abyss  |     1 |       ||     1
 Abil: Dig               |       |     1 ||     1
  Eat: Chunk             |     1 |     2 ||     3
Armor: Ring mail         |    34 |    21 ||    55
       Leather armour    |     5 |       ||     5
Dodge: Dodged            |    51 |    56 ||   107

Table legend:
 A = Non-vault XP
 B = Vault XP
 C = Vault XP percentage of total XP
 D = Non-vault monster count
 E = Vault monster count
 F = Vault count percentage of total count
                 A         B        C        D         E       F
            +---------+---------+-------+---------+---------+-------
      Total |     107 |      35 |  24.6 |      46 |       1 |   2.1
            +---------+---------+-------+---------+---------+-------
        D:1 |      39 |       0 |   0.0 |      21 |       0 |   0.0
        D:2 |      68 |      35 |  34.0 |      25 |       1 |   3.8
            +---------+---------+-------+---------+---------+-------
